 Dungeon Crawl Stone Soup version 0.18.1-6-gd335043 (webtiles) character file.

1003 epen the Schismatic (level 8, -2/61 HPs)
             Began as a Demonspawn Abyssal Knight on May 19, 2016.
             Was an Elder of Lugonu.
             Killed from afar by Pikel (28 damage)
             ... with a wand of lightning
             ... on level 5 of the Dungeon.
             The game lasted 00:07:39 (4912 turns).

epen the Schismatic (Demonspawn Abyssal Knight)     Turns: 4912, Time: 00:07:39

Health: -2/61      AC:  9    Str: 19    XL:     8   Next: 0%
Magic:  12/12      EV: 12    Int: 17    God:    Lugonu [****..]
Gold:   390        SH:  0    Dex: 15    Spells: 0 memorised, 7 levels left

rFire  . . .     SeeInvis .     m - +0 short sword (speed)
rCold  . . .     Gourm    .     B - +0 ring mail
rNeg   . . .     Faith    .     (no shield)
rPois  .         Spirit   .     (no helmet)
rElec  .         Dismiss  .     e - +0 cloak
rCorr  .         Reflect  .     (no gloves)
SustAt .         Harm     .     x - +1 pair of boots {run}
MR     .....                    w - amulet of regeneration
Stlth  ++........               k - +3 ring of slaying
                                t - +3 ring of intelligence

@: mighty, quick, not resistant to hostile enchantments, unstealthy
A: thin skeletal structure 1, nightstalker 1, powered by pain 2
a: Depart the Abyss, Bend Space, Banish, Corrupt, Renounce Religion


You were on level 5 of the Dungeon.
You worshipped Lugonu.
Lugonu was greatly pleased with you.
You were not hungry.

You visited 1 branch of the dungeon, and saw 6 of its levels.
You visited the Abyss 1 time.

You collected 390 gold pieces.

Inventory:

Hand Weapons
 a - a +1 falchion
 m - a +0 short sword of speed (weapon)
Armour
 b - a +0 leather armour
 e - a +0 cloak (worn)
 o - a +1 pair of boots of stealth
 x - a +1 pair of boots of running (worn)
 B - a +0 ring mail (worn)
Jewellery
 d - an uncursed ring of magical power
 k - a +3 ring of slaying (right hand)
 n - an uncursed ring of stealth
 t - a +3 ring of intelligence (left hand)
 w - an amulet of regeneration (around neck)
 A - an uncursed ring of poison resistance {unknown}
Scrolls
 h - 2 scrolls of recharging {unknown}
 p - 6 scrolls of identify {unknown}
 r - 3 scrolls of teleportation {unknown}
 s - 2 scrolls of remove curse {unknown}
 y - a scroll of enchant weapon {unknown}
 z - a scroll of fear {unknown}
 C - a scroll of noise {unknown}
 G - a scroll of magic mapping {unknown}
Potions
 f - a potion of brilliance {unknown}
 i - 3 potions of cure mutation {unknown}
 l - a potion of ambrosia {unknown}
 q - a potion of flight {unknown}
 u - 3 potions of curing {unknown}
 D - a potion of invisibility {unknown}
 E - a potion of cancellation {unknown}
Books
 v - a book of Beasts

   Spells                             Type                      Level
   a - Summon Butterflies             Summoning                    1
   b - Call Canine Familiar           Summoning                    3
   c - Summon Ice Beast               Ice/Summoning                4
   d - Summon Mana Viper              Hexes/Summoning              5
   e - Summon Hydra                   Summoning                    7
Comestibles
 c - 6 bread rations
 g - 5 meat rations
 j - 3 beef jerkies
 F - 2 slices of pizza
 H - 2 chunks of flesh


   Skills:
 + Level 4.5 Fighting
 * Level 4.7 Long Blades
 + Level 3.6 Armour
 + Level 3.3 Dodging
 * Level 6.5 Invocations


You had 7 spell levels left.
You didn't know any spells.

Dungeon Overview and Level Annotations

Branches:
Dungeon (6/15)             Temple (0/1) D:4

Altars:
Gozag
Makhleb
Nemelex Xobeh
Ru
Trog
Vehumet
Zin
The Shining One

Annotations:
D:5 Pikel


Innate Abilities, Weirdness & Mutations

You have a somewhat thin skeletal structure (Dex +2, Stealth).
You are slightly more attuned to the shadows.
You sometimes gain power by taking damage.


Message History

Pikel is lightly wounded.
You hit Pikel but do no damage.
Pikel is lightly wounded.
Pikel zaps a wand.
The bolt of lightning misses you.
You hit Pikel.
Pikel is lightly wounded.
Pikel waves his whip at you.
Pikel zaps a wand.
The bolt of lightning misses you.
You hit Pikel.
Pikel is moderately wounded.
You hit Pikel but do no damage.
Pikel is moderately wounded.
Pikel zaps a wand.
The bolt of lightning hits you!
Ouch! That really hurt!
You focus on the pain.
You feel very mighty all of a sudden.
You barely miss Pikel.
Pikel is moderately wounded.
Pikel zaps a wand.
The bolt of lightning hits you!
You die...

.##....##.#.#...########P##.# ##
.##.....#.##.#..# ######
..........####..# ###.##
>##..†..#.## #..# #######....####
.##....##..###..###..............
.##.................#####'#######
.####.####.####.#....##8...8# .#
#.####.####K#.#####.....# .#
#...........@.# ###...# .#
############### #A#.._# .#
####### .##############
...[..........# #############.#
#.# #.#############
#.............#


You could see Pikel.

Vanquished Creatures
  2 phantoms
  2 ogres
  A howler monkey (D:5)
  A jelly (D:5)
  A hound (D:6)
  2 giant frog skeletons (D:5)
  Jessica (D:2)
  2 iguanas (D:4)
  Natasha (twice) (D:2)
  2 worker ants (D:5)
  2 hound zombies (D:5)
  2 hound skeletons (D:4)
  9 gnolls
  8 adders
  An ooze (D:2)
  4 worms
  3 dart slugs
  3 giant geckos
  7 orcs
  4 giant cockroaches
  9 goblins
  6 hobgoblins
  11 jackals (D:1)
  8 kobolds
  2 quokkas
  10 bats
  A giant gecko skeleton (D:4)
  5 giant newts
  8 rats
119 creatures vanquished.

Notes
Turn   | Place    | Note
--------------------------------------------------------------
     0 | Abyss:1  | epen the Demonspawn Abyssal Knight began the quest for the Orb.
     0 | Abyss:1  | Reached XP level 1. HP: 18/18 MP: 2/2
    23 | Abyss:1  | Found a stormy altar of Qazlal.
    41 | Abyss:1  | Noticed an eye of draining
    43 | Abyss:1  | Noticed a quasit
    52 | Abyss:1  | Noticed a spiny frog
    55 | D:1      | Escaped the Abyss
   237 | D:1      | Reached skill level 1 in Dodging
   308 | D:1      | Gained mutation: You sometimes gain a little power by taking damage. [demonic ancestry]
   308 | D:1      | Reached XP level 2. HP: 19/24 MP: 3/3
   357 | D:1      | Reached * piety under Lugonu
   365 | D:1      | You fall through a shaft!
   578 | D:2      | Noticed Jessica
   581 | D:2      | Killed Jessica
   581 | D:2      | Reached skill level 3 in Invocations
   581 | D:2      | Gained mutation: You sometimes gain power by taking damage. [demonic ancestry]
   581 | D:2      | Reached XP level 3. HP: 29/29 MP: 5/5
   831 | D:2      | Gained mutation: You have a somewhat thin skeletal structure (Dex +2, Stealth). [demonic ancestry]
   831 | D:2      | Reached XP level 4. HP: 30/35 MP: 6/6
  1079 | D:1      | Reached ** piety under Lugonu
  1530 | D:2      | Found a faded altar to an unknown god.
  1594 | D:2      | Noticed Natasha
  1602 | D:2      | Killed Natasha
  1779 | D:3      | Gained mutation: You are slightly more attuned to the shadows. [demonic ancestry]
  1779 | D:3      | Reached XP level 5. HP: 36/41 MP: 7/7
  1788 | D:3      | Reached skill level 4 in Invocations
  1946 | D:2      | Noticed Natasha
  1960 | D:2      | Killed Natasha
  2252 | D:3      | Reached *** piety under Lugonu
  2788 | D:4      | Noticed a phantom
  2808 | D:4      | Killed a phantom
  2808 | D:4      | Reached XP level 6. HP: 47/48 MP: 9/9
  2829 | D:4      | Found a staircase to the Ecumenical Temple.
  2931 | D:4      | Reached skill level 5 in Invocations
  3018 | D:4      | Identified a +1 pair of boots of running (You found it on level 4 of the Dungeon)
  3087 | D:4      | Found a sacrificial altar of Ru.
  3270 | D:4      | Reached XP level 7. HP: 54/54 MP: 11/11
  3546 | D:5      | Entered Level 5 of the Dungeon
  3624 | D:5      | Found a sparkling altar of Nemelex Xobeh.
  3668 | D:5      | Reached skill level 6 in Invocations
  4204 | D:5      | Found a bloodstained altar of Trog.
  4204 | D:5      | Found a glowing golden altar of the Shining One.
  4257 | D:5      | Noticed an angel
  4258 | D:5      | Found a glowing silver altar of Zin.
  4523 | D:5      | Found an opulent altar of Gozag.
  4629 | D:5      | Reached **** piety under Lugonu
  4682 | D:5      | Found a burning altar of Makhleb.
  4750 | D:5      | Found a radiant altar of Vehumet.
  4868 | D:6      | Reached XP level 8. HP: 59/61 MP: 12/12
  4887 | D:6      | Noticed Pikel
  4912 | D:5      | Killed from afar by Pikel

Skill      XL: |  1  2  3  4  5  6  7 |
---------------+----------------------+-----
Long Blades    | 2 3 4 |  4.7
Dodging        | 1 2 3 |  3.3
Armour         | 2 3 |  3.6
Invocations    | 3 4 5 6 |  6.5
Fighting       | 4 |  4.5

Action                   |  1- 3 |  4- 6 |  7- 9 || total
-------------------------+-------+-------+-------++-------
Melee: Falchion          |    24 |       |       ||    24
       Short sword       |    50 |   258 |   194 ||   502
Invok: Depart the Abyss  |     1 |       |       ||     1
 Stab: Sleeping          |       |    12 |     2 ||    14
  Eat: Chunk             |       |     8 |     5 ||    13
Armor: Leather armour    |    15 |    55 |     8 ||    78
       Ring mail         |       |       |    28 ||    28
Dodge: Dodged            |    43 |   109 |    86 ||   238
